 Dungeon Crawl Stone Soup version 0.29-a0-234-g0dae59b3db (webtiles) character file.

Game seed: 8599236647706937375

468 dolemite99 the Slasher (level 6, -10/37 HPs)
             Began as a Demonspawn Fighter on Mar 4, 2022.
             Was an Initiate of Gozag.
             Mangled by a chaos spawn (13 damage)
             ... summoned by Xom
             ... on level 4 of the Dungeon.
             The game lasted 00:05:49 (4303 turns).

dolemite99 the Slasher (Demonspawn Fighter)         Turns: 4303, Time: 00:05:50

Health: -10/37     AC:  2    Str: 16      XL:     6   Next: 81%
Magic:  6/6        EV:  8    Int:  8 (10) God:    Gozag
Gold:   1234       SH:  4    Dex: 11 (12) Spells: 5/5 levels left

rFire   . . .      SeeInvis .   a - +0 long sword
rCold   + . .      Faith    .   c - +0 buckler
rNeg    . . .      Spirit   .   k - +0 chain mail
rPois   .          Reflect  .   (no helmet)
rElec   .          Harm     .   (no cloak)
rCorr   .          Rampage  .   q - +0 pair of gloves
Will    .....                   (no boots)
Stlth   ..........              t - amulet of magic regeneration
HPRegen 0.92/turn               w - ring of protection from cold
MPRegen 0.50/turn               (no ring)

@: mighty, corroded
A: repulsion field 1, powered by pain 1, spiny 1, demonic touch 2, frail 2, high
MP 1, regeneration 1, screaming 1, weak 1
a: Renounce Religion, Potion Petition, Call Merchant, Bribe Branch


You were on level 4 of the Dungeon.
You worshipped Gozag.
Gozag was most pleased with you.
You visited 2 branches of the dungeon, and saw 5 of its levels.

You collected 1458 gold pieces.
You spent 124 gold pieces at shops.
You paid 100 gold pieces to Gozag.

Inventory:

Hand Weapons
 a - a +0 long sword (weapon)
 b - a +0 fustibalus
 d - a +2 dagger of chaos
 v - the +0 trident of Joyful Slaughter {speed, Stlth+}
   (You found it on level 4 of the Dungeon)

   Attacks with this weapon are significantly faster.
   Stlth:     It makes you more stealthy.
Missiles
 g - 92 stones (quivered)
 s - 13 curare-tipped darts
 A - 12 poisoned darts
Armour
 c - a +0 buckler (worn)
 k - a +0 chain mail (worn)
 m - a +0 scale mail
 q - a +0 pair of gloves (worn)
 y - an orb of mayhem
Jewellery
 p - a ring of fire
 t - an amulet of magic regeneration (around neck)
 w - a ring of protection from cold (left hand)
 B - a ring of willpower
Scrolls
 l - a scroll of identify {@r1}
 o - a scroll of fear {unknown}
 r - a scroll of magic mapping {unknown}
 x - a scroll of immolation {unknown}
 z - 2 scrolls of vulnerability {unknown}
 C - a scroll of teleportation {unknown}
Potions
 e - a potion of haste {unknown}
 i - 2 potions of flight {unknown}
 j - a potion of attraction {unknown}
 n - a potion of brilliance {unknown}
 u - 2 potions of ambrosia {unknown}


   Skills:
 - Level 3.0 Fighting
 + Level 6.8 Long Blades
 - Level 2.6 Armour
 - Level 2.6 Shields


You had 5 spell levels left.
You didn't know any spells.
Your spell library contained the following spells:

 Spells                   Type           Power      Damage    Failure   Level
 Static Discharge         Conj/Air       0%         N/A       100%        2
 Ignite Poison            Fire/Tmut/Pois 0%         N/A       100%        3
 Mephitic Cloud           Conj/Pois/Air  0%         N/A       100%        3
 Stone Arrow              Conj/Erth      0%         3d7       100%        3
 Animate Armour           Summ/Erth      0%         N/A       100%        4
 Freezing Cloud           Conj/Ice/Air   0%         6-21      100%        5
 Lightning Bolt           Conj/Air       0%         1d11      100%        5
 Lehudib's Crystal Spear  Conj/Erth      0%         10d2      100%        8
 Maxwell's Capacitive Co  Air            0%         ∞         100%        8


Dungeon Overview and Level Annotations

Branches:
Dungeon (4/15)             Temple (1/1) D:4

Altars:
Ashenzari
Cheibriados
Dithmenos
Elyvilon
Fedhas
Gozag
Hepliaklqana
Makhleb
Nemelex Xobeh
Qazlal
Sif Muna
Trog
Uskayaw
Vehumet
Xom
Yredelemnul
Zin
The Shining One

Shops:
D:4 *

Annotations:
D:3 2 transporters, shoop's ghost, amateur DEAM


Innate Abilities, Weirdness & Mutations

You are surrounded by a mild repulsion field. (EV +2)
You sometimes gain a little power by taking damage.
You are partially covered in sharp spines.
Your touch may inflict irresistible damage on your foes.
You are very frail. (-20% HP)
You have an increased reservoir of magic. (+10% MP)
Your natural rate of healing is unusually fast.
You occasionally shout uncontrollably at your foes.
You are weak. (Str -2)


Message History

It is a scroll of identify.
f - a scroll of acquirement Something appears at your feet!
You now have enough gold to buy Jelunef's Guide on Toxins on this level, or buy +0 swamp dragon scales on this level.
You can access your shopping list by pressing '$'.
You now have enough gold to petition Gozag for potion effects.
You now have enough gold to fund merchants seeking to open stores in the dungeon.
You now have 1234 gold pieces (gained 1105).
The quasit barely misses you.
The quasit claws you but does no damage. x2
As you read the scroll labelled LOEVAL GYEJ, it crumbles to dust.
It is a scroll of amnesia.
You feel forgetful for a moment.
The quasit bites you but does no damage.
The quasit claws you but does no damage.
The quasit closely misses you. The chaos spawn barely misses you.
The rust devil hits you. The rust devil corrodes you!
The quasit bites you but does no damage.
The quasit claws you but does no damage. x2
You hit the quasit.
The quasit is moderately wounded.
The rust devil hits you. The rust devil corrodes you! The chaos spawn hits you!
The chaos spawn sears you!
* * * LOW HITPOINT WARNING * * *
You focus on the pain.
You feel very mighty all of a sudden. You block the quasit's attack.
The quasit claws you.
* * * LOW HITPOINT WARNING * * *
You feel clumsy. The quasit claws you.
* * * LOW HITPOINT WARNING * * *
The rust devil completely misses you. The chaos spawn completely misses you.
The quasit bites you.
* * * LOW HITPOINT WARNING * * *
The quasit claws you but does no damage. x2
The chaos spawn is struck by your spines.
The chaos spawn hits you!
You die...
Xom chortles!
Your body crumbles into a pile of gold.

###.# #....>.# ..#.####
#......# #......##
####.### ###.....# #..#
.>...#### ##.##
##.....# ######### #..#
##..#.#####.......#
#.## #..#.....#...4...#
#.#
##...####.....5@4.###.#
##..#.# ###.......#...#
#...#.# #.......#.###
#.#.#.# #.......#.#
..#.#.# #.......#.#
.##.#.# #.......#.#
###.#.# #.......#.# #
#.#.# #.......#.# # #.#
####.####.#


You could see a rust devil (summoned), a chaos spawn (summoned) and a quasit
(summoned).

Vanquished Creatures
  Sigmund (D:2)
  A water moccasin (D:4)
  An orc priest (D:4)
  Jessica (D:3)
  An iguana (D:3)
  3 gnolls
  4 adders
  2 dart slugs
  2 orcs (D:4)
  4 bats
  7 endoplasms
  2 giant cockroaches
  5 goblins
  9 hobgoblins
  7 kobolds
  3 quokkas
  12 ball pythons
  3 frilled lizards
  3 rats (D:2)
71 creatures vanquished.

Vanquished Creatures (others)
  6 plants (D:3)
6 creatures vanquished.

Grand Total: 77 creatures vanquished

Notes
Turn   | Place    | Note
-------+----------+-------------------------------------------
     0 | D:1      | dolemite99 the Demonspawn Fighter began the quest for the
                  | Orb.
     0 | D:1      | Reached XP level 1. HP: 18/18 MP: 1/1
    41 | D:1      | Reached skill level 2 in Long Blades
   236 | D:1      | Found a faded altar of an unknown god.
   264 | D:1      | Prayed at the altar of an unknown god.
   264 | D:1      | Became a worshipper of Xom of Chaos
   290 | D:1      | Gained mutation: You are surrounded by a mild repulsion
                  | field. (EV +2) [demonic ancestry]
   290 | D:1      | Reached XP level 2. HP: 23/24 MP: 2/2
   416 | D:1      | XOM: silly message
   511 | D:1      | Reached skill level 3 in Long Blades
   576 | D:1      | XOM: silly message
   685 | D:1      | XOM: divination: detect creatures
   864 | D:1      | XOM: noise
   903 | D:2      | XOM: potion effect (might)
   904 | D:2      | XOM: divination: detect creatures
   910 | D:1      | Gained mutation: Your touch may inflict minor irresistible
                  | damage on your foes. [demonic ancestry]
   910 | D:1      | Reached XP level 3. HP: 29/29 MP: 3/3
  1089 | D:2      | Noticed Sigmund
  1106 | D:2      | Killed Sigmund
  1107 | D:2      | Reached skill level 5 in Long Blades
  1107 | D:2      | Gained mutation: You sometimes gain a little power by
                  | taking damage. [demonic ancestry]
  1107 | D:2      | Reached XP level 4. HP: 12/35 MP: 4/4
  1107 | D:2      | Gained mutation: Your touch may inflict irresistible damage
                  | on your foes. [demonic ancestry]
  1107 | D:2      | Reached XP level 5. HP: 14/41 MP: 5/5
  1119 | D:2      | XOM: silly message
  1210 | D:2      | XOM: stat loss: -1 Str (17/18)
  1592 | D:2      | XOM: 3-stop teleportation journey
  1598 | D:2      | XOM: confusion
  2204 | D:2      | XOM: give mutations
  2204 | D:2      | Gained mutation: You occasionally shout uncontrollably at
                  | your foes. [Xom's mischief]
  2204 | D:2      | Gained mutation: You are dopey. (Int -2) [Xom's mischief]
  2204 | D:2      | Lost mutation: You are dopey. (Int -2) [Xom's mischief]
  2245 | D:2      | XOM: draining
  2297 | D:2      | XOM: give mutations
  2297 | D:2      | Gained mutation: You are frail. (-10% HP) [Xom's mischief]
  2297 | D:2      | Gained mutation: You are weak. (Str -2) [Xom's mischief]
  2297 | D:2      | Gained mutation: You have an increased reservoir of magic.
                  | (+10% MP) [Xom's mischief]
  2485 | D:2      | XOM: stat loss: -1 Str (14/16)
  2688 | D:3      | Found a transporter.
  2694 | D:3      | Found a transporter.
  2713 | D:3      | Identified the +9 spear "Ceeps" {venom, rF+++ Will- rCorr}
  2713 | D:3      | Identified the +5 ring mail "Ocah" {-Cast Fly rF+ rN+}
  2713 | D:3      | Identified the +0 kite shield "Izintief" {Rampage rN+
                  | Str+5}
  2726 | D:3      | Noticed Jessica
  2744 | D:3      | Gained mutation: You are partially covered in sharp spines.
                  | [demonic ancestry]
  2744 | D:3      | Reached XP level 6. HP: 20/38 MP: 6/6
  2756 | D:3      | XOM: chaos upgrade
  2760 | D:3      | Killed Jessica
  2997 | D:3      | XOM: give mutations
  2997 | D:3      | Gained mutation: You are very frail. (-20% HP) [Xom's
                  | mischief]
  2997 | D:3      | Gained mutation: You are dopey. (Int -2) [Xom's mischief]
  2997 | D:3      | Gained mutation: Your natural rate of healing is unusually
                  | fast. [Xom's mischief]
  2997 | D:3      | Lost mutation: You are dopey. (Int -2) [Xom's mischief]
  3223 | D:3      | Reached skill level 6 in Long Blades
  3362 | D:3      | Noticed shoop's ghost (amateur DEAM)
  3529 | D:4      | Found a staircase to the Ecumenical Temple.
  3530 | D:4      | XOM: smoke on damage
  3760 | D:4      | Identified the +0 trident of Joyful Slaughter {speed,
                  | Stlth+}
  3772 | Temple   | Entered the Ecumenical Temple
  3874 | Temple   | Fell from the grace of Xom
  3874 | Temple   | Became a worshipper of Gozag Ym Sagoz the Greedy
  4009 | D:4      | Found Zaryhuhi's Serpentskin Sales.
  4009 | D:4      | Noticed a water moccasin
  4022 | D:4      | Killed a water moccasin
  4037 | D:4      | Bought 3 curare-tipped darts for 25 gold pieces
  4037 | D:4      | Bought 4 curare-tipped darts for 33 gold pieces
  4037 | D:4      | Bought 6 poisoned darts for 33 gold pieces
  4037 | D:4      | Bought 6 poisoned darts for 33 gold pieces
  4122 | D:4      | XOM: stat loss: -2 Int (8/10)
  4297 | D:4      | XOM: summons 3 hostile demons
  4298 | D:4      | Noticed a rust devil
  4298 | D:4      | Noticed a chaos spawn
  4298 | D:4      | Identified a scroll of acquirement
  4299 | D:4      | Acquired 1105 gold pieces
  4303 | D:4      | Mangled by a chaos spawn

Illustrated notes

Levels and vault maps discovered:
D:1:      grunt_arrival_crossed_arrows, layout_basic,
          shapermc_ecumenical_altar_pompeii, kennysheep_flooded_box
D:2:      layout_basic, uniq_sigmund
D:3:      layout_basic, serial_bayou, serial_bayou_shore_a,
          serial_bayou_crossing, serial_bayou_pond_e, serial_bayou_ford_a,
          serial_bayou_pond_d, serial_bayou_shore_b,
          gammafunk_ghost_gnarly_gnolls, serial_bayou_pond_e,
          chequers_serial_rivers_small_3, uniq_jessica
D:4:      layout_rooms, minmay_temple_entry_proselytizer, guppyfry_shop_venom
Temple:   mainiacjoe_temple_coin_purse

Skill      XL: |  1  2  3  4  5  6 |
---------------+-------------------+-----
Long Blades    | 2 3 5 6 |  6.8
Fighting       | |  3.0
Armour         | |  2.6
Shields        | |  2.6

Action                   |  1- 3 |  4- 6 || total
-------------------------+-------+-------++-------
Melee: Long sword        |    56 |   168 ||   224
 Fire: Fustibalus        |       |     1 ||     1
Throw: Stone             |    38 |    22 ||    60
  Use: Potion            |     2 |     1 ||     3
       Scroll            |       |     3 ||     3
Armor: Scale mail        |     9 |       ||     9
       Chain mail        |    14 |    84 ||    98
Dodge: Dodged            |    36 |    84 ||   120
Block: Buckler           |    11 |    46 ||    57

Table legend: (Time is in decaauts)
 A = Elapsed time spent in this place.
 B = Non-inter-level travel time spent in this place.
 C = Inter-level travel time spent in this place.
 D = Time resting spent in this place.
 E = Time spent auto-exploring this place.
 F = Levels seen in this place.
 G = Mean time per level.
                   A        B        C        D        E       F      G
               +--------+--------+--------+--------+--------+-----+--------+
         Total |   4386 |   4187 |    199 |    615 |   2713 |   5 |  877.2 |
       Dungeon |   4271 |   4083 |    188 |    615 |   2629 |   4 | 1067.8 |
        Temple |    114 |    103 |     11 |      0 |     84 |   1 |  114.0 |
               +--------+--------+--------+--------+--------+-----+--------+

Top non-repeatable levels by time:
     D:2: 1591 daAuts
     D:3: 958 daAuts
     D:1: 954 daAuts
     D:4: 766 daAuts
  Temple: 114 daAuts
